 Dungeon Crawl Stone Soup version 0.29.1-1-gd02db6906a (webtiles) character file.

Game seed: 5261526672825165205

108500 mortz the Unseen (level 17, -9/88 HPs)
             Began as a Kobold Conjurer on Sept 21, 2022.
             Was an Initiate of Gozag.
             Killed by an exploding cyclops (27 damage)
             ... ignited by their inner flame
             ... on level 15 of the Dungeon on Sept 23, 2022.
             The game lasted 04:00:25 (46028 turns).

mortz the Unseen (Kobold Conjurer)                 Turns: 46028, Time: 04:00:27

Health: -9/88      AC: 20    Str:  8    XL:     17   Next: 4%
Magic:  23/33      EV: 13    Int: 34    God:    Gozag
Gold:   4948       SH:  6    Dex:  9    Spells: 12/41 levels left

rFire   . . .      SeeInvis +   a - +10 short sword of Gluttony {freeze, +Blink Int+4 Dex-4}
rCold   . . .      Faith    .   x - +1 buckler {AC+3}
rNeg    . . .      Spirit   .   h - +0 swamp dragon scales
rPois   +          Reflect  .   X - +1 hat {SInv}
rElec   .          Harm     .   O - +1 cloak {Stlth+}
rCorr   .          Rampage  .   E - +0 pair of gloves
Will    +....                   R - +2 pair of boots
Stlth   +++++++...              i - amulet of Vitality {RegenMP++ Regen++}
HPRegen 1.84/turn               t - ring of wizardry
MPRegen 1.03/turn               J - +6 ring of intelligence

@: gold aura
A: small, no large weapons, nightstalker 3
a: Renounce Religion, Evoke Blink, Potion Petition, Call Merchant, Bribe Branch


You were on level 15 of the Dungeon.
You worshipped Gozag.
Gozag was most pleased with you.
You visited 4 branches of the dungeon, and saw 23 of its levels.
You also visited: Ossuary.

You collected 8137 gold pieces.
You spent 2064 gold pieces at shops.
You paid 1125 gold pieces to Gozag.

Inventory:

Hand Weapons
 a - the +10 short sword of Gluttony (weapon) {freeze, +Blink Int+4 Dex-4}
   (You found it on level 5 of the Lair of Beasts)

   It freezes those it strikes, dealing additional cold damage.
   It can also slow down cold-blooded creatures.
   Int:       It affects your intelligence (+4).
   Dex:       It affects your dexterity (-4).
   +Blink:    It lets you blink.
 F - a +0 rapier of protection
Armour
 d - a +1 cloak of preservation
 h - +0 swamp dragon scales (worn)
 k - a +0 robe of resistance
 x - a +1 buckler of protection (worn)
 A - a +2 robe of cold resistance
 E - a +0 pair of gloves (worn)
 O - a +1 cloak of stealth (worn)
 R - a +2 pair of boots (worn)
 X - a +1 hat of see invisible (worn)
Magical Staves
 b - a staff of earth
 s - a staff of fire
Jewellery
 e - a ring of poison resistance
 i - the amulet of Vitality (around neck) {RegenMP++ Regen++}
   (You found it on level 14 of the Dungeon)

   [amulet of magic regeneration]

   It increases your rate of magic regeneration.
   Regen:     It increases your rate of health regeneration.
 p - the ring of Hash {Ice Str+5}
   (You found it on level 12 of the Dungeon)

   [ring of ice]

   It enhances your ice magic.
   Str:       It affects your strength (+5).
   rF:        It makes you vulnerable to fire.
   rC:        It protects you from cold.
 r - a +4 ring of protection
 t - a ring of wizardry (left hand)
 C - a ring of protection from cold
 G - a +4 ring of slaying
 J - a +6 ring of intelligence (right hand)
 P - a ring of resist corrosion
 W - a ring of protection from cold
Wands
 n - a wand of polymorph (13)
 H - a wand of digging (8)
 L - a wand of flame (66)
 Q - a wand of acid (12)
 V - a wand of paralysis (2)
 Z - a wand of iceblast (18)
Scrolls
 j - 5 scrolls of poison
 o - a scroll of enchant weapon
 u - 6 scrolls of blinking
 w - 6 scrolls of identify
 y - 9 scrolls of amnesia
 B - a scroll of enchant armour
 I - 3 scrolls of butterflies
 K - 8 scrolls of teleportation
 N - 2 scrolls of summoning
 S - a scroll of magic mapping
 U - 2 scrolls of immolation
Potions
 c - 9 potions of mutation
 f - 6 potions of attraction
 g - 10 potions of might
 l - 5 potions of flight
 m - 18 potions of curing
 q - 7 potions of haste
 v - 2 potions of magic
 z - a potion of invisibility
 D - 5 potions of brilliance
 M - a potion of cancellation
 T - 2 potions of resistance
Miscellaneous
 Y - a lightning rod (4/4)


   Skills:
 + Level 4.0 Fighting
 + Level 6.8 Short Blades
 + Level 8.4 Armour
 + Level 8.3 Dodging
 + Level 15.9 Stealth
 + Level 2.8 Shields
 + Level 12.8 Spellcasting
 + Level 12.9 Conjurations
 * Level 7.3 Hexes
 + Level 7.6 Translocations
 * Level 6.1 Ice Magic
 * Level 4.5 Earth Magic
 * Level 9.0 Poison Magic


You had 12 spell levels left.
You knew the following spells:

 Your Spells              Type           Power      Damage    Failure   Level
a - Magic Dart            Conj           100%       1d8       1%          1
b - Searing Ray           Conj           100%       2d8       1%          2
c - Iskenderun's Mystic   Conj/Tloc      75%        2d15      1%          4
d - Passwall              Tmut/Erth      30%        N/A       1%          2
e - Olgreb's Toxic Radia  Pois           70%        N/A       1%          4
f - Fulminant Prism       Conj/Hex       37%        3d18      1%          4
g - Stone Arrow           Conj/Erth      100%       3d13      1%          3
h - Hailstorm             Conj/Ice       72%        3d15      1%          4
i - Iskenderun's Battles  Conj           83%        2d13      1%          5

Your spell library contained the following spells:

 Spells                   Type           Power      Damage    Failure   Level
 Freeze                   Ice            100%       1d11      1%          1
 Sandblast                Erth           100%       2d20      1%          1
 Sting                    Tmut/Pois      100%       1d8       1%          1
 Blink                    Tloc           100%       N/A       1%          2
 Poisonous Vapours        Pois/Air       100%       N/A       1%          2
 Static Discharge         Conj/Air       60%        3-11/arc  1%          2
 Dazzling Flash           Conj/Hex       100%       N/A       1%          3
 Frozen Ramparts          Ice            100%       1d16      1%          3
 Gell's Gravitas          Tloc           65%        N/A       1%          3
 Inner Flame              Hex/Fire       46%        N/A       1%          3
 Ozocubu's Armour         Ice            59%        N/A       1%          3
 Portal Projectile        Hex/Tloc       100%       N/A       1%          3
 Spider Form              Tmut/Pois      51%        N/A       1%          3
 Teleport Other           Tloc           65%        N/A       1%          3
 Tukima's Dance           Hex            64%        N/A       1%          3
 Cause Fear               Hex            32%        N/A       1%          4
 Leda's Liquefaction      Hex/Erth       29%        N/A       2%          4
 Sticky Flame             Conj/Fire      60%        2d8       2%          4
 Beastly Appendage        Tmut           42%        N/A       3%          1
 Necrotise                Necr           84%        1d8       3%          1
 Manifold Assault         Tloc           65%        N/A       3%          5
 Wereblood                Tmut           21%        N/A       4%          2
 Metabolic Englaciation   Hex/Ice        30%        N/A       5%          5
 Call Canine Familiar     Summ           21%        N/A       9%          3
 Vampiric Draining        Necr           21%        2d7       9%          3
 Ice Form                 Ice/Tmut       42%        N/A       9%          4
 Summon Ice Beast         Ice/Summ       42%        N/A       9%          4
 Iron Shot                Conj/Erth      34%        9d7       13%         6
 Dispersal                Tloc           32%        N/A       21%         6
 Dispel Undead            Necr           21%        3d11      28%         4
 Summon Lightning Spire   Summ/Air       21%        N/A       28%         4
 Agony                    Necr           21%        N/A       61%         5
 Blade Hands              Tmut           10%        N/A       61%         5
 Spellforged Servitor     Conj/Summ      30%        N/A       85%         7
 Statue Form              Tmut/Erth      24%        N/A       86%         6
 Storm Form               Tmut/Air       10%        N/A       100%        7
 Discord                  Hex            32%        N/A       100%        8
 Maxwell's Capacitive Co  Air            10%        ∞         100%        8
 Simulacrum               Ice/Necr       Unusable   N/A       N/A         6

Dungeon Overview and Level Annotations

Branches:
Dungeon (15/15) Zot: 26326  Temple (1/1) D:5 Zot: 5873    Lair (5/5) D:8 Zot: 16379
  Swamp (0/4) Lair:3        Snake (0/4) Lair:2        Slime (0/5) Lair:5
    Orc (2/2) D:10 Zot: 8951     Elf (0/3) Orc:2        Vaults (0/5) D:13
Ossuary (visited)
 Depths: D:15

Altars:
Ashenzari
Cheibriados
Dithmenos
Elyvilon
Fedhas
Gozag
Hepliaklqana
Kikubaaqudgha
Makhleb
Nemelex Xobeh
Okawaru
Qazlal
Ru
Sif Muna
Trog
Uskayaw
Vehumet
Wu Jian
Xom
Yredelemnul
Zin
The Shining One
Jiyva

Shops:
D:2 [   D:9 [   D:11 *   Orc:1 [   Orc:2 [[*(:


Innate Abilities, Weirdness & Mutations

You are small and have problems with some larger weapons.
You are completely attuned to the shadows.


Message History

Flame seeps out of the centaur warrior.
The centaur warrior is almost dead.
The fiery explosion engulfs the eight-headed hydra!!
The eight-headed hydra is severely wounded.
The centaur warrior explodes!
The fiery explosion engulfs the wolf spider!!
Flame seeps out of the wolf spider.
The wolf spider is almost dead.
The fiery explosion engulfs the centaur warrior!!!
The fiery explosion engulfs the eight-headed hydra!!!
You kill the eight-headed hydra!
The centaur warrior explodes!
The orc knight explodes!
The fiery explosion engulfs you!
* * * LOW HITPOINT WARNING * * *
You are engulfed in blazing flames.
* * * LOW HITPOINT WARNING * * *
The wolf spider is engulfed in blazing flames.
The wolf spider explodes!
The fiery explosion engulfs the six-headed hydra!!!
The six-headed hydra is heavily wounded.
The fiery explosion engulfs the orc high priest!!!
Flame seeps out of the orc high priest.
The orc high priest is almost dead.
The orc high priest is engulfed in blazing flames.
The orc high priest explodes!
The fiery explosion engulfs the six-headed hydra!!!
You kill the six-headed hydra!
An efreet comes into view.
It is wielding a +2 scimitar of flaming.
You hear a shout!
Your Fighting skill increases to level 4!
Your Poison Magic skill increases to level 9!
You have reached level 17!
The cyclops is engulfed in blazing flames.
The cyclops explodes!
The fiery explosion engulfs the yaktaur!!
You kill the yaktaur!
The fiery explosion engulfs the efreet.
The efreet completely resists.
The fiery explosion engulfs you!!
You die...
Your body crumbles into a pile of gold.

####..# #...
......# ... c#.[
#...
####..#..#.§#§$$#
#...
#..#.....#§c#
#...
#..#....§#$°#
#..#..§§§R°#
#..#.$§°§##(.#
#..#..*§§# .#
#..###@#### #
#..........
#..........
###########


You could see an efreet and a friendly battlesphere.

Vanquished Creatures
  Jorgrun (D:14)
  Kirke (Lair:3)
  Gastronok (D:8)
  Roxanne (D:14)
  An orc warlord (Orc:2)
  The ghost of Triskal the Geomancer, a journeyman TrTm of Yredelemnul (Orc:2)
  A stone giant (D:15)
  Nessos (D:14)
  Azrael (D:12)
  A fire dragon (Lair:5)
  A mummy priest (D:14)
  Josephine (D:14)
  6 boulder beetles
  10 hydras
  Harold (D:9)
  3 two-headed ogres
  Erica (D:9)
  6 death yaks
  3 tengu warriors
  8 centaur warriors
  5 orc high priests
  Sonja (D:11)
  A deep elf knight (D:15)
  9 skeletal warriors
  A deep elf archer (D:13)
  A harpy (shapeshifter) (D:12)
  3 lindwurms
  A wizard (D:15)
  3 oklob plants (Lair:4)
  A deep elf zephyrmancer (D:13)
  5 orc knights
  21 ugly things
  A wolf spider (D:15)
  3 orc sorcerers (Orc:2)
  A deep elf pyromancer (D:15)
  5 cyclopes
  4 manticores
  A spectral centaur (D:10)
  Maurice (Orc:2)
  9 black mambas
  6 elephants
  2 molten gargoyles (Lair:5)
  Joseph (D:7)
  8 cane toads
  A rime drake (shapeshifter) (D:15)
  2 gargoyles
  Maggie (D:10)
  An unseen horror (D:11)
  A freezing wraith (D:14)
  A kobold demonologist (D:7)
  An efreet (D:13)
  Psyche (D:11)
  11 komodo dragons
  2 rime drakes
  3 yaktaurs
  3 guardian mummies (D:14)
  4 trolls
  3 polar bears
  A tarantella (D:12)
  Grinder (D:3)
  13 blink frogs
  6 slime creatures
  A centaur simulacrum (D:14)
  2 shadows
  3 jumping spiders (D:12)
  4 fire elementals
  50 yaks
  Eustachio (D:5)
  9 wraiths
  4 wyverns
  A yak (shapeshifter) (D:15)
  4 steam dragons
  7 vampire mosquitoes
  Menkaure (D:14)
  A redback (D:12)
  4 basilisks
  Grum (D:8)
  4 swamp worms (Lair:3)
  4 wargs
  2 acid dragons
  8 water moccasins
  5 hell hounds
  A swamp drake (D:10)
  31 orc warriors
  An ice beast (D:6)
  A black bear (shapeshifter) (D:14)
  3 ogres
  A sky beast (D:7)
  18 centaurs
  4 wolves (D:8)
  A phantom (D:6)
  A necrophage (D:6)
  11 bullfrogs
  3 kobold brigands
  2 gnoll sergeants
  5 scorpions
  4 wights (D:7)
  6 killer bees
  5 electric eels
  4 howler monkeys
  7 lava snakes
  3 centaur zombies
  6 hounds
  2 jellies (D:5)
  20 orc priests
  A centaur skeleton (D:10)
  An iron imp (D:8)
  Jessica (D:2)
  Ijyb (D:5)
  Natasha (thrice) (D:4)
  4 iguanas
  2 scorpion zombies (D:4)
  34 orc wizards
  9 mummies
  Robin (D:3)
  8 gnolls
  A howler monkey skeleton (D:10)
  6 adders
  2 white imps
  An adder zombie (D:4)
  2 dart slugs
  82 orcs
  9 endoplasms
  A giant cockroach (D:3)
  3 gnoll zombies (Ossuary)
  11 hobgoblins
  6 jackals
  2 quokkas
  7 ball pythons
  4 bats
  3 frilled lizards
  7 goblins
  3 hobgoblin zombies (Ossuary)
  22 kobolds
  2 kobold zombies (Ossuary)
  A quokka zombie (D:4)
  3 rats
699 creatures vanquished.

Vanquished Creatures (others)
  A human (Lair:3)
  21 fulminant prisms
  44 fungi
  98 plants
164 creatures vanquished.

Grand Total: 863 creatures vanquished

Notes
Turn   | Place    | Note
-------+----------+-------------------------------------------
     0 | D:1      | mortz the Kobold Conjurer began the quest for the Orb.
     0 | D:1      | Reached XP level 1. HP: 10/10 MP: 3/3
   426 | D:1      | Reached XP level 2. HP: 15/15 MP: 0/5
   434 | D:1      | Learned a level 2 spell: Searing Ray
  1308 | D:2      | Found a faded altar of an unknown god.
  1499 | D:2      | Reached XP level 3. HP: 19/19 MP: 3/6
  1664 | D:2      | Reached skill level 3 in Stealth
  1712 | D:2      | Found Aqoixt's Armour Boutique.
  1740 | D:2      | Noticed Jessica
  1744 | D:2      | Killed Jessica
  1745 | D:2      | Reached XP level 4. HP: 18/24 MP: 2/7
  2178 | D:3      | Noticed Grinder
  2214 | D:3      | Identified the +10 spear "Suddi" {vorpal, Will+ Str+2
                  | Int-5}
  2247 | D:3      | Reached skill level 4 in Stealth
  2609 | D:3      | Reached skill level 1 in Short Blades
  3013 | D:3      | Reached XP level 5. HP: 28/28 MP: 5/8
  3219 | D:3      | Noticed Robin
  3277 | D:3      | Killed Robin
  3566 | D:3      | Paralysed by Grinder for 3 turns
  3584 | D:3      | Killed Grinder
  3585 | D:3      | Reached skill level 6 in Stealth
  3585 | D:3      | Reached skill level 5 in Conjurations
  3585 | D:3      | Reached XP level 6. HP: 17/33 MP: 1/10
  5109 | D:4      | Reached XP level 7. HP: 34/37 MP: 2/12
  5300 | D:4      | Found a basalt altar of Yredelemnul.
  5364 | D:4      | Reached skill level 7 in Stealth
  5682 | D:4      | Noticed Natasha
  5686 | D:4      | Killed Natasha
  5775 | D:4      | Found a basalt altar of Yredelemnul.
  6000 | D:4      | Noticed Natasha
  6043 | D:4      | Killed Natasha
  6239 | D:4      | Noticed Natasha
  6242 | D:4      | Killed Natasha
  6243 | D:4      | Reached skill level 1 in Fighting
  6276 | D:4      | Found a basalt altar of Yredelemnul.
  6596 | D:5      | Entered Level 5 of the Dungeon
  6647 | D:5      | Found a sand-covered staircase.
  6652 | Ossuary  | Entered an ossuary
  7205 | Ossuary  | Reached XP level 8. HP: 39/43 MP: 5/13
  7624 | D:5      | Reached skill level 8 in Stealth
  7722 | D:5      | Noticed Eustachio
  7864 | D:5      | Noticed Ijyb
  7868 | D:5      | Killed Ijyb
  8075 | D:5      | Found a staircase to the Ecumenical Temple.
  8082 | Temple   | Entered the Ecumenical Temple
  8200 | Temple   | Became a worshipper of Gozag Ym Sagoz the Greedy
  8726 | D:5      | Learned a level 4 spell: Iskenderun's Mystic Blast
  8766 | D:6      | Reached XP level 9. HP: 47/47 MP: 14/16
  8878 | D:6      | Reached skill level 1 in Translocations
  8884 | D:6      | Reached skill level 5 in Spellcasting
  9095 | D:6      | Reached skill level 5 in Dodging
  9159 | D:6      | Reached skill level 9 in Stealth
  9598 | D:7      | Noticed Joseph
 10395 | D:7      | Noticed a kobold demonologist
 10440 | D:7      | Found a glowing silver altar of Zin.
 10466 | D:7      | Found a radiant altar of Vehumet.
 10668 | D:7      | Reached skill level 10 in Stealth
 10951 | D:8      | Noticed a manticore
 11025 | D:8      | Noticed Gastronok
 11070 | D:8      | Found a staircase to the Lair.
 11111 | D:8      | Reached XP level 10. HP: 53/53 MP: 11/19
 11392 | D:8      | Noticed Grum
 11406 | D:8      | Killed Grum
 11780 | D:8      | Found a snail-covered altar of Cheibriados.
 12041 | D:8      | Killed a manticore
 12042 | D:8      | Reached skill level 11 in Stealth
 12525 | D:9      | Noticed Erica
 12549 | D:9      | Noticed Harold
 12720 | D:9      | Noticed a two-headed ogre
 12724 | D:9      | Killed a two-headed ogre
 12841 | D:9      | Found Qoug's Superior Scales.
 12962 | D:9      | Found a broken altar of Ashenzari.
 13055 | D:9      | Killed Harold
 13056 | D:9      | Reached skill level 12 in Stealth
 13241 | D:9      | Found Qoug's Superior Scales.
 13323 | D:9      | Killed Erica
 13324 | D:9      | Reached skill level 5 in Short Blades
 13324 | D:9      | Reached XP level 11. HP: 50/57 MP: 5/23
 13501 | D:9      | Found a broken altar of Ashenzari.
 13986 | D:5      | Killed Eustachio
 14350 | D:5      | Found a staircase to the Ecumenical Temple.
 14806 | D:7      | Killed Joseph
 14865 | D:8      | Killed Gastronok
 15009 | D:10     | Entered Level 10 of the Dungeon
 15287 | D:10     | Reached skill level 5 in Translocations
 15430 | D:10     | Reached skill level 1 in Shields
 15430 | D:10     | Reached skill level 10 in Conjurations
 15940 | D:10     | Reached skill level 13 in Stealth
 16620 | D:10     | Noticed a two-headed ogre
 16624 | D:10     | Killed a two-headed ogre
 16625 | D:10     | Reached XP level 12. HP: 62/62 MP: 25/25
 16666 | D:10     | Noticed Maggie
 16679 | D:10     | Killed Maggie
 16936 | D:10     | Reached skill level 1 in Armour
 17418 | D:10     | Found a staircase to the Orcish Mines.
 17536 | D:10     | Found a burning altar of Makhleb.
 17542 | D:10     | Found an ornate altar of the Wu Jian Council.
 17548 | D:10     | Found a bloodstained altar of Trog.
 17720 | D:10     | Found a staircase to the Orcish Mines.
 18007 | D:10     | Found a burning altar of Makhleb.
 18015 | D:10     | Found an ornate altar of the Wu Jian Council.
 18023 | D:10     | Found a bloodstained altar of Trog.
 18605 | Lair:1   | Entered Level 1 of the Lair of Beasts
 18639 | Lair:1   | Found an iron altar of Okawaru.
 18794 | Lair:1   | Reached skill level 1 in Poison Magic
 19414 | Lair:1   | Reached skill level 10 in Spellcasting
 19583 | Lair:1   | Identified the +0 robe of Devotion {rN+ rCorr}
 21765 | Lair:2   | Reached XP level 13. HP: 68/68 MP: 16/27
 21861 | Lair:2   | Found a staircase to the Snake Pit.
 22026 | Lair:2   | Reached skill level 5 in Armour
 22035 | Lair:2   | Reached skill level 14 in Stealth
 22884 | Lair:2   | Noticed an eight-headed hydra
 22891 | Lair:2   | Killed an eight-headed hydra
 23407 | Lair:2   | Found a staircase to the Snake Pit.
 24128 | Lair:3   | Noticed Kirke
 24397 | Lair:3   | Reached skill level 5 in Poison Magic
 24432 | Lair:3   | Noticed a five-headed hydra
 24692 | Lair:3   | Killed a five-headed hydra
 24902 | Lair:3   | Killed Kirke
 25152 | Lair:3   | Found a staircase to the Swamp.
 25463 | Lair:3   | Found a staircase to the Swamp.
 26497 | Lair:3   | Found a staircase to the Swamp.
 26783 | Lair:4   | Learned a level 4 spell: Fulminant Prism
 27113 | Lair:4   | Noticed an eight-headed hydra
 27117 | Lair:4   | Killed an eight-headed hydra
 27420 | Lair:4   | Reached skill level 1 in Hexes
 27517 | Lair:5   | Entered Level 5 of the Lair of Beasts
 27574 | Lair:5   | Found a staircase to the Slime Pits.
 27574 | Lair:5   | Found a viscous altar of Jiyva.
 27581 | Lair:5   | Noticed a four-headed hydra
 27598 | Lair:4   | Killed a four-headed hydra
 27750 | Lair:5   | Reached XP level 14. HP: 47/74 MP: 22/28
 28316 | Lair:5   | Identified the +10 short sword of Gluttony {freeze, +Blink
                  | Int+4 Dex-4}
 30076 | Lair:5   | Reached skill level 15 in Stealth
 30649 | Lair:5   | Found a large runed translucent door.
 30650 | Lair:5   | Found a large runed translucent door.
 31130 | Lair:5   | Identified the +1 ring mail of Past Mistakes {rC+ rN+ Int-2
                  | Stlth+}
 31319 | Lair:5   | Found a staircase to the Slime Pits.
 31319 | Lair:5   | Found a viscous altar of Jiyva.
 32315 | D:11     | Noticed Psyche
 32326 | D:11     | Killed Psyche
 32647 | D:10     | Learned a level 4 spell: Olgreb's Toxic Radiance
 32652 | D:10     | Learned a level 4 spell: Hailstorm
 33105 | D:11     | Found Xeggaips's Assorted Antiques.
 33120 | D:11     | Bought a garnet ring for 95 gold pieces
 33171 | D:11     | Noticed Sonja
 33175 | D:11     | Killed Sonja
 33213 | D:11     | Reached skill level 1 in Ice Magic
 34582 | D:11     | Found Xeggaips's Assorted Antiques.
 35230 | D:12     | Learned a level 3 spell: Stone Arrow
 35638 | D:12     | Reached XP level 15. HP: 78/78 MP: 30/30
 36025 | D:12     | Found a runed translucent door.
 36433 | D:12     | Identified the +10 whip of the Howling Butterfly {vorpal,
                  | rC+ Str+2 Int+2}
 36463 | D:12     | Found a runed translucent gate.
 36463 | D:12     | Found a runed translucent gate.
 36463 | D:12     | Found a runed translucent gate.
 36481 | D:12     | Found a runed translucent gate.
 36481 | D:12     | Found a runed translucent gate.
 36481 | D:12     | Found a runed translucent gate.
 36865 | D:12     | Identified the ring of Hash {Ice Str+5}
 37261 | Orc:1    | Entered Level 1 of the Orcish Mines
 37788 | Orc:1    | Found a shimmering altar of Xom.
 38073 | Orc:2    | Entered Level 2 of the Orcish Mines
 38190 | Orc:2    | Noticed Maurice
 38197 | Orc:2    | Paralysed by Maurice for 5 turns
 38204 | Orc:2    | Killed Maurice
 38208 | Orc:2    | Reached skill level 1 in Earth Magic
 38312 | Orc:2    | Found a large runed translucent door.
 38312 | Orc:2    | Found a large runed translucent door.
 38380 | Orc:2    | Found Owem's Armour Shop.
 38385 | Orc:2    | Bought a +1 cloak of stealth for 264 gold pieces
 38470 | Orc:2    | Found a staircase to the Elven Halls.
 38543 | Orc:2    | Noticed an orc warlord
 38561 | Orc:2    | Killed an orc warlord
 39453 | Orc:2    | Reached skill level 5 in Hexes
 39915 | Orc:2    | Found Unymy's General Store.
 39915 | Orc:2    | Found Ydewax's Book Emporium.
 39919 | Orc:2    | Bought a scroll of enchant armour for 112 gold pieces
 39928 | Orc:2    | Found Xemub's Antique Armour Shoppe.
 39929 | Orc:2    | Found Mafi Syi's Antique Weapon Shoppe.
 39937 | Orc:2    | Bought a pair of glowing boots for 217 gold pieces
 40139 | Orc:2    | Noticed Triskal's ghost (journeyman TrTm)
 40158 | Orc:2    | Killed Triskal's ghost
 40573 | D:13     | Found a frozen archway.
 40602 | D:13     | Noticed Azrael
 41097 | D:12     | Killed Azrael
 42062 | D:13     | Found a gate to the Vaults.
 42064 | D:13     | Reached XP level 16. HP: 84/84 MP: 32/32
 42536 | Orc:2    | Bought a book of the Sky for 704 gold pieces
 42536 | Orc:2    | Bought a book of Power for 672 gold pieces
 42542 | Orc:2    | Learned a level 5 spell: Iskenderun's Battlesphere
 42545 | Orc:2    | Learned a level 2 spell: Passwall
 43717 | D:14     | Identified Roxanne's Compendium of Metal
 43717 | D:14     | Noticed Roxanne
 43990 | D:14     | Noticed Jorgrun
 43995 | D:14     | Killed Jorgrun
 44094 | D:14     | Noticed Nessos
 44102 | D:14     | Killed Nessos
 44405 | D:14     | Reached skill level 5 in Ice Magic
 44686 | D:14     | Noticed Menkaure
 44688 | D:14     | Killed Menkaure
 44775 | D:14     | Found the amulet of Vitality {RegenMP++ Regen++}
 45331 | D:14     | Killed Roxanne
 45356 | D:15     | Entered Level 15 of the Dungeon
 45363 | D:15     | Noticed Josephine
 45379 | D:14     | Killed Josephine
 45889 | D:15     | Identified the +3 halberd of Tocoeck {vorpal, rC+ Will++}
 46027 | D:15     | Reached XP level 17. HP: 15/88 MP: 21/33
 46028 | D:15     | Killed by an exploding cyclops... ignited by their inner
                  | flame

Illustrated notes

Levels and vault maps discovered:
D:1:      doesnt_arrival_eight_statues, layout_loops_ring,
          ebering_dispersal_statue_hall, minivault_23
D:2:      layout_loops_ring, basic_ecumenical_altar, serial_shops,
          nicolae_shop_advertising_works [nicolae_subvault_shop_adworks],
          uniq_jessica
D:3:      layout_loops_corners, nicolae_figureground_sparkle, uniq_grinder,
          uniq_robin
D:4:      layout_cave_pools, nicolae_yredelemnul_corpse_copse, uniq_natasha
D:5:      layout_rooms, minmay_temple_entry_drinking_statues, enter_ossuary_2,
          uniq_ijyb, uniq_eustachio
D:6:      layout_rooms
D:7:      layout_loops_ring, mainiacjoe_overflow_divided_tiny, uniq_joseph
D:8:      layout_basic, slow_altar_2, lair_entry_dummy,
          chequers_serial_rivers_small_a, uniq_gastronok, uniq_grum
D:9:      layout_rooms, lemuel_crystal_altar, hellmonk_scale_shop, uniq_harold,
          uniq_erica
D:10:     layout_cave_pods, minmay_overflow_temple_star_quad, erik_orc_1,
          serial_column_ruins, column_ruins_hut_pillars,
          column_ruins_corridor_straight, column_ruins_grid_3,
          column_ruins_columns_straight, column_ruins_open_small,
          hangedman_weighted_door, nicolae_fountain_basement, uniq_maggie
D:11:     layout_basic, serial_shops, nicolae_shop_hallway_plus,
          minmay_increasing_density, uniq_psyche, uniq_sonja
D:12:     gammafunk_indiana_jones, layout_irregular_city
D:13:     layout_cave_pools, hangedman_vaults_entry_quadrant_bands,
          portal_ice_cave_entry_pillars_2, gauntlet_entry_generic, uniq_azrael
D:14:     ragdoll_tomb_raider, layout_loops_ring, uniq_jorgrun, uniq_roxanne,
          uniq_nessos
D:15:     grunt_enter_depths_giant_problem, layout_irregular_city,
          skrybe_limestone_x, grunt_decor_one_mirror, st_stairs_8,
          minmay_the_grid_square_5x5_3x3_mashed
          [minmay_the_grid_square_5x5_misaligned,
          minmay_the_grid_square_5x5_doubleslash,
          minmay_the_grid_square_5x5_inner_v, minmay_the_grid_square_5x5_fat_x,
          minmay_the_grid_square_5x5_megaprize_diamond,
          minmay_the_grid_square_5x5_percent, minmay_the_grid_square_5x5_empty,
          minmay_the_grid_square_5x5_broken_cross,
          minmay_the_grid_square_5x5_eight_small], uniq_josephine
Temple:   eino_temple_lava
Lair:1:   layout_cave_pods, basic_altar, grunt_megastairs_3,
          infiniplex_staircase_pool_2, serial_bayou_shore_b,
          serial_bayou_shore_b, lemuel_fruit_fields
Lair:2:   layout_regular_city, minmay_snake_entry_six_corridors
Lair:3:   layout_roguey, nicolae_swamp_entry_splash_gauntlet, uniq_kirke
Lair:4:   layout_layer_cave, dpeg_oklob_1, lemuel_fruit_tree
Lair:5:   cheibrodos_lair_end_hotspot, layout_gridlike, slime_entry_1,
          serial_bayou, serial_bayou_shore_b, serial_bayou_lagoon_a,
          serial_bayou_pond_a
Orc:1:    layout_caves, basic_altar
Orc:2:    st_orc_congregation, layout_caves, serial_shops, nicolae_square_shop,
          ebering_ghost_disaster_area, hellmonk_bongcloud_opening, uniq_maurice

Skill      XL: |  1  2  3  4  5  6  7  8  9 10 11 12 13 14 15 16 |
---------------+-------------------------------------------------+-----
Stealth        | 3 4 6 7 8 10 12 13 14 15 | 15.9
Dodging        | 3 4 5 6 7 8 |  8.3
Short Blades   | 1 2 4 5 6 |  6.8
Spellcasting   | 3 4 6 8 9 10 11 12 | 12.8
Conjurations   | 5 6 7 9 10 11 12 | 12.9
Fighting       | 1 2 3 4 |  4.0
Translocations | 2 4 5 6 7 |  7.6
Shields        | 1 2 |  2.8
Armour         | 4 6 7 8 |  8.4
Poison Magic   | 3 5 7 9 |  9.0
Hexes          | 1 4 5 7 |  7.3
Ice Magic      | 2 4 6 |  6.1
Earth Magic    | 3 4 |  4.5

Action                   |  1- 3 |  4- 6 |  7- 9 | 10-12 | 13-15 | 16-18 || total
-------------------------+-------+-------+-------+-------+-------+-------++-------
Melee: Unarmed           |     3 |       |       |       |       |       ||     3
       Dagger            |    11 |    27 |    39 |    53 |    51 |       ||   181
       Punch             |       |     1 |     1 |       |       |       ||     2
       Short sword       |       |       |       |       |   124 |    31 ||   155
 Cast: Magic Dart        |    18 |       |     1 |       |       |       ||    19
       Searing Ray       |     7 |    26 |    64 |    99 |   104 |     4 ||   304
       Iskenderun's Myst |       |       |       |    56 |   168 |    31 ||   255
       Stone Arrow       |       |       |       |       |   314 |    97 ||   411
       Olgreb's Toxic Ra |       |       |       |       |     1 |     1 ||     2
       Iskenderun's Batt |       |       |       |       |       |    26 ||    26
       Fulminant Prism   |       |       |       |       |       |    21 ||    21
Invok: Potion Petition   |       |       |       |       |     1 |       ||     1
       Call Merchant     |       |       |       |       |     1 |       ||     1
Evoke: Wand              |       |       |       |     1 |     4 |       ||     5
  Use: Potion            |     1 |       |       |       |     8 |       ||     9
       Scroll            |     1 |     5 |    11 |    11 |     3 |     1 ||    32
 Stab: Sleeping          |    10 |    14 |    21 |    19 |    61 |    28 ||   153
       Distracted        |       |     1 |       |     4 |     5 |     1 ||    11
Armor: Robe              |     3 |     6 |    18 |    18 |       |       ||    45
       Swamp dragon scal |       |       |       |    33 |   219 |    23 ||   275
       Skin              |       |       |       |       |     2 |       ||     2
Dodge: Dodged            |     7 |    28 |   111 |   206 |   259 |    29 ||   640
Block: Buckler           |       |       |       |    76 |   128 |    14 ||   218
